 Dungeon Crawl Stone Soup version 0.23.2-33-g5129a83184 (webtiles) character file.

Game seed: 8451488805184505664

53 manyhoops the Shooter (level 3, -4/35 HPs)
             Began as a Gnoll Wanderer on June 29, 2019.
             Slain by a scorpion (8 damage)
             ... on level 3 of the Dungeon.
             The game lasted 00:04:07 (2006 turns).

manyhoops the Shooter (Gnoll Wanderer)              Turns: 2006, Time: 00:04:07

Health: -4/35      AC:  4    Str: 15    XL:     3   Next: 89%
Magic:  4/4        EV: 11    Int: 14    God:
Gold:   150        SH:  0    Dex: 14    Spells: 4/4 levels left

rFire    . . .     SeeInvis .   a - +0 trident
rCold    + . .     Gourm    .   (no shield)
rNeg     . . .     Faith    +   m - +1 leather armour {rC+}
rPois    .         Spirit   .   (no helmet)
rElec    .         Reflect  .   (no cloak)
rCorr    .         Harm     .   (no gloves)
MR       .....                  (no boots)
Stlth    ++........             c - amulet of faith
HPRegen  0.11/turn              (no ring)
MPRegen  0.09/turn              (no ring)

@: lethally poisoned (-4 -> -27), flying
A: distributed training, fangs 1, strong nose
a: no special abilities


You were on level 3 of the Dungeon.
You were hungry.

You visited 1 branch of the dungeon, and saw 3 of its levels.

You collected 150 gold pieces.

Inventory:

Hand Weapons
 a - a +0 trident (weapon)
 b - a +2 shortbow
Missiles
 h - 107 arrows
 k - 3 javelins (quivered)
Armour
 m - a +1 leather armour of cold resistance (worn)
Jewellery
 c - an amulet of faith (around neck)
Scrolls
 e - a scroll of teleportation
 g - 4 scrolls of remove curse
 i - a scroll of immolation
 j - 3 scrolls of amnesia
 l - a scroll of fog
 n - 3 scrolls of enchant weapon {unknown}
 r - 2 scrolls of identify
 s - a scroll of blinking {unknown}
Potions
 d - a potion of mutation {unknown}
 p - a potion of flight
 q - a potion of berserk rage {unknown}
 t - a potion of brilliance
Comestibles
 f - 5 rations


   Skills:
 + Level 6.5 Fighting
 + Level 1.0 Short Blades
 + Level 1.0 Long Blades
 + Level 1.0 Axes
 + Level 1.0 Maces & Flails
 + Level 1.0 Polearms
 + Level 1.0 Staves
 + Level 1.0 Slings
 + Level 6.5 Bows
 + Level 1.0 Crossbows
 + Level 2.6 Throwing
 + Level 4.6 Armour
 + Level 1.0 Dodging
 + Level 2.4 Stealth
 + Level 1.0 Shields
 + Level 1.0 Unarmed Combat
 + Level 1.0 Spellcasting
 + Level 0.7 Conjurations
 + Level 0.7 Hexes
 + Level 0.7 Charms
 + Level 0.7 Summonings
 + Level 0.7 Necromancy
 + Level 0.7 Translocations
 + Level 0.7 Transmutations
 + Level 0.7 Fire Magic
 + Level 0.7 Ice Magic
 + Level 0.7 Air Magic
 + Level 0.7 Earth Magic
 + Level 0.7 Poison Magic
 + Level 1.0 Invocations
 + Level 1.0 Evocations


You had 4 spell levels left.
You didn't know any spells.
Your spell library was empty.

Dungeon Overview and Level Annotations

Branches:
Dungeon (3/15)

Altars:
Dithmenos
Nemelex Xobeh
Okawaru
Qazlal
Ru


Innate Abilities, Weirdness & Mutations

Your experience applies equally to all skills.
You have very sharp teeth.
Your uncanny sense of smell can sniff out nearby items.


Message History

You hit the scorpion.
The scorpion is almost dead.
You feel very sick. The scorpion barely misses you.
You closely miss the scorpion.
The scorpion is almost dead.
* * * LOW HITPOINT WARNING * * *
You feel sick. The scorpion misses you.
You hit the scorpion but do no damage.
The scorpion is almost dead.
You are feeling hungry.
* * * LOW HITPOINT WARNING * * *
You feel very sick. The scorpion closely misses you. The scorpion misses you.
It was a potion of flight.
You feel very buoyant.
You fly up into the air.
* * * LOW HITPOINT WARNING * * *
You feel sick. The scorpion stings you!
You die...

############### ######
#.##.<........# .....#
#.##.@........# .....#
#.##..s.......# .....#
#####.#####.#.##### ....>#
#.....# ###.#.######
.....###.#######..........##
##.###......###............##
##.###......##..............#
..................รท.........#
......#.....##..............#


You could see a scorpion.

Vanquished Creatures
  An adder (D:3)
  A dart slug (D:2)
  A leopard gecko (D:1)
  An orc (D:3)
  2 giant cockroaches (D:1)
  9 goblins
  4 hobgoblins
  8 kobolds
  A ball python (D:1)
  4 bats
  A frilled lizard (D:1)
  4 rats
37 creatures vanquished.

Notes
Turn   | Place    | Note
-------+----------+-------------------------------------------
     0 | D:1      | manyhoops the Gnoll Wanderer began the quest for the Orb.
     0 | D:1      | manyhoops set off with the following items: a +2 shortbow,
                  | 25 arrows, a +0 hand axe, a +0 ring mail, a ration
     0 | D:1      | Reached XP level 1. HP: 23/23 MP: 1/1
    40 | D:1      | Reached XP level 2. HP: 29/29 MP: 2/2
   447 | D:1      | Reached XP level 3. HP: 35/35 MP: 3/3
   623 | D:2      | Found an iron altar of Okawaru.
   683 | D:2      | Found a stormy altar of Qazlal.
  1126 | D:2      | Found a sparkling altar of Nemelex Xobeh.
  1294 | D:2      | Found a sacrificial altar of Ru.
  1518 | D:3      | Found an iron altar of Okawaru.
  1530 | D:3      | Found a shadowy altar of Dithmenos.
  1588 | D:3      | Reached skill level 1 in Invocations
  1706 | D:3      | Reached skill level 1 in Short Blades
  1706 | D:3      | Reached skill level 1 in Long Blades
  1706 | D:3      | Reached skill level 1 in Axes
  1706 | D:3      | Reached skill level 1 in Maces & Flails
  1706 | D:3      | Reached skill level 1 in Polearms
  1706 | D:3      | Reached skill level 1 in Staves
  1706 | D:3      | Reached skill level 1 in Slings
  1706 | D:3      | Reached skill level 1 in Crossbows
  1706 | D:3      | Reached skill level 1 in Dodging
  1706 | D:3      | Reached skill level 1 in Shields
  1706 | D:3      | Reached skill level 1 in Unarmed Combat
  1706 | D:3      | Reached skill level 1 in Spellcasting
  1706 | D:3      | Reached skill level 1 in Evocations
  1948 | D:3      | Noticed a scorpion
  2006 | D:3      | Slain by a scorpion

Skill      XL: |  1  2  3 |
---------------+----------+-----
Invocations    | 1 |  1.0
Short Blades   | 1 |  1.0
Long Blades    | 1 |  1.0
Axes           | 1 |  1.0
Maces & Flails | 1 |  1.0
Polearms       | 1 |  1.0
Staves         | 1 |  1.0
Slings         | 1 |  1.0
Crossbows      | 1 |  1.0
Dodging        | 1 |  1.0
Shields        | 1 |  1.0
Unarmed Combat | 1 |  1.0
Spellcasting   | 1 |  1.0
Evocations     | 1 |  1.0
Fighting       | |  6.5
Bows           | |  6.5
Throwing       | |  2.6
Armour         | |  4.6
Stealth        | |  2.4
Conjurations   | |  0.7
Hexes          | |  0.7
Charms         | |  0.7
Summonings     | |  0.7
Necromancy     | |  0.7
Translocations | |  0.7
Transmutations | |  0.7
Fire Magic     | |  0.7
Ice Magic      | |  0.7
Air Magic      | |  0.7
Earth Magic    | |  0.7
Poison Magic   | |  0.7

Action                   || total
-------------------------++-------
Melee: Spear             ||    81
       Trident           ||    35
       Bite              ||     3
 Fire: Shortbow          ||    11
  Use: Scroll            ||     5
       Potion            ||     4
 Stab: Sleeping          ||     5
  Eat: Chunk             ||     3
Armor: Ring mail         ||     8
       Leather armour    ||    11
Dodge: Dodged            ||    65
